 Dungeon Crawl Stone Soup version 0.19-a0-1260-gc94d3f7 (webtiles) character file.

143 4thArraOfDagon the Cutter (level 5, -8/38 HPs)
             Began as a Halfling Wanderer on Aug 28, 2016.
             Splashed by a jelly's acid (10 damage)
             ... on level 5 of the Dungeon.
             The game lasted 00:03:34 (654 turns).

4thArraOfDagon the Cutter (Halfling Wanderer)        Turns: 654, Time: 00:03:35

Health: -8/38      AC: -3    Str: 12    XL:     5   Next: 50%
Magic:  6/6        EV: 12    Int: 14    God:
Gold:   52         SH:  0    Dex: 12    Spells: 0 memorised, 6 levels left

rFire  . . .     SeeInvis .     r - +2 dagger (elec)
rCold  . . .     Gourm    +     l - +0 ring mail
rNeg   . . .     Faith    .     (shield restricted)
rPois  .         Spirit   .     (no helmet)
rElec  .         Dismiss  .     (no cloak)
rCorr  .         Reflect  .     (no gloves)
MR     .....     Harm     .     (no boots)
Stlth  +.........               h - amulet of the gourmand
                                (no ring)
                                (no ring)

@: corroded
A: mutation resistance 1
a: no special abilities


You were on level 5 of the Dungeon.
You were not hungry.

You visited 1 branch of the dungeon, and saw 5 of its levels.

You collected 52 gold pieces.

Inventory:

Hand Weapons
 a - a +2 shortbow
 j - a +0 short sword
 q - a +1 dagger of protection
 r - a +2 dagger of electrocution (weapon)
Missiles
 b - 9 arrows
Armour
 e - a +0 robe
 l - a +0 ring mail (worn)
Jewellery
 h - an amulet of the gourmand (around neck)
Potions
 i - 2 potions of curing {unknown}
 k - a potion of mutation {unknown}
 m - a potion of haste {unknown}
 o - a potion of magic {unknown}
Books
 d - the Compendium of the Entourage

   Spells                             Type                      Level
   a - Summon Butterflies             Summoning                    1
   b - Summon Guardian Golem          Hexes/Summoning              3
Comestibles
 f - 3 bread rations
 p - a beef jerky


   Skills:
 - Level 4.5 Fighting
 * Level 4.8 Short Blades
 - Level 1.2 Bows
 - Level 1.1 Stealth
 - Level 1.0 Spellcasting
   Level 1.0 Hexes
   Level 1.0 Summonings
   Level 1.0 Evocations


You had 6 spell levels left.
You didn't know any spells.

Dungeon Overview and Level Annotations

Branches:
Dungeon (5/15)
 Temple: D:4-7

Altars:
Dithmenos
Kikubaaqudgha

Annotations:
D:4 Sigmund


Innate Abilities, Weirdness & Mutations

You are small and have problems with some larger weapons.
You are somewhat resistant to further mutation.


Message History

The jelly is heavily wounded.
You barely miss the jelly.
The jelly is heavily wounded.
The jelly hits you.
You are splashed with acid!
The acid burns!
* * * LOW HITPOINT WARNING * * *
You are too injured to fight recklessly!
You are too injured to fight recklessly!
You are too injured to fight recklessly!
You hit the jelly but do no damage.
Your hands burn!
* * * LOW HITPOINT WARNING * * *
The jelly is heavily wounded.
The jelly barely misses you.
Unknown command.
You hit the jelly but do no damage.
Your hands burn!
* * * LOW HITPOINT WARNING * * *
The jelly is heavily wounded.
The jelly hits you.
* * * LOW HITPOINT WARNING * * *
You are splashed with acid!
The acid burns!
You die...

.### #...#
....# ....#
###....#
#.<(.o.#
#)#....#
###.##+##...
+.$@# .
##..J..#
#.##### #..
... #....
#.... #.....


You could see a jelly.

Vanquished Creatures
  A hound (D:4)
  An orc wizard (D:5)
  An orc priest (D:5)
  An adder (D:2)
  2 oozes
  9 orcs
  A giant cockroach (D:1)
  4 goblins
  4 hobgoblins
  3 kobolds
  A bat (D:1)
  A rat (D:1)
29 creatures vanquished.

Notes
Turn   | Place    | Note
-------+----------+-------------------------------------------
     0 | D:1      | 4thArraOfDagon the Halfling Wanderer began the quest for the Orb.
     0 | D:1      | 4thArraOfDagon set off with: a +2 shortbow, 25 arrows, a potion of lignification, the Compendium of the Entourage, a +0 robe, a bread ration
     0 | D:1      | Reached XP level 1. HP: 16/16 MP: 2/2
   125 | D:1      | Reached XP level 2. HP: 17/22 MP: 3/3
   218 | D:2      | Reached XP level 3. HP: 23/27 MP: 4/4
   332 | D:3      | Found an ancient bone altar of Kikubaaqudgha.
   458 | D:3      | Reached skill level 1 in Short Blades
   534 | D:3      | Reached XP level 4. HP: 15/34 MP: 5/5
   590 | D:4      | Found a shadowy altar of Dithmenos.
   590 | D:4      | Noticed Sigmund
   612 | D:5      | Entered Level 5 of the Dungeon
   627 | D:5      | Reached XP level 5. HP: 38/38 MP: 6/6
   644 | D:5      | Identified the Compendium of the Entourage
   654 | D:5      | Splashed by a jelly's acid

Vault maps used:
D:1:      eino_arrival_cavern_d
D:2:      good_gods_temple_1, marbit_many_paths, serial_undead, serial_undead_f,
          serial_undead_e, serial_undead_c, serial_undead_d, uniq_robin,
          uniq_terence
D:3:      corexii_shack_village, lemuel_doored_altar
D:4:      grunt_dithmenos_smoke, uniq_sigmund
D:5:      first_bread, serial_shops, shop,
          nicolae_shop_temple_entry_statues_fountains, gup_sewer_entry_bubbles

Skill      XL: |  1  2  3  4 |
---------------+-------------+-----
Fighting       | 4 |  4.5
Short Blades   | 2 4 |  4.8
Bows           | |  1.2
Stealth        | |  1.1
Spellcasting   | |  1.0
Hexes          | |  1.0
Summonings     | |  1.0
Evocations     | |  1.0

Action                   |  1- 3 |  4- 6 || total
-------------------------+-------+-------++-------
Melee: Dagger            |    29 |    21 ||    50
 Fire: Shortbow          |    57 |       ||    57
  Use: Potion            |     1 |     2 ||     3
       Scroll            |       |     3 ||     3
 Stab: Distracted        |       |     1 ||     1
Armor: Robe              |     3 |       ||     3
       Ring mail         |    16 |     3 ||    19
       Skin              |       |     5 ||     5
Dodge: Dodged            |    36 |     6 ||    42
